 Dungeon Crawl Stone Soup version 0.27-a0-1123-g2f9bb313c0 (webtiles) character file.

Game seed: 13071084788442705837

79 karrick the Slasher (level 4, -1/33 HPs)
             Began as a Djinni Gladiator on May 4, 2021.
             Slain by a sky beast (5 damage)
             ... on level 3 of the Dungeon.
             The game lasted 00:02:25 (2233 turns).

karrick the Slasher (Djinni Gladiator)              Turns: 2233, Time: 00:02:26

Health: -1/33      AC:  6    Str: 13    XL:     4   Next: 38%
Gold:   113        EV: 12    Int: 11    God:
                   SH:  0    Dex: 14

rFire    + + .     SeeInvis .   a - +0 long sword
rCold    . . .     Faith    .   (no shield)
rNeg     . . .     Spirit   .   b - +0 leather armour
rPois    ∞         Reflect  .   c - +0 helmet
rElec    .         Harm     .   (no cloak)
rCorr    .         Rampage  .   l - +1 pair of gloves
Will     .....                  (boots unavailable)
Stlth    +.........             (no amulet)
HPRegen  0.11/turn              g - ring of protection from cold
MPRegen  0.00/turn              (no ring)

@: flying
A: fire resistance 2, cold vulnerability 1, float, innate caster, hp casting,
extra vitality 1
a: no special abilities


You were on level 3 of the Dungeon.
You visited 1 branch of the dungeon, and saw 3 of its levels.

You collected 113 gold pieces.

Inventory:

Hand Weapons
 a - a +0 long sword (weapon)
Missiles
 d - 3 throwing nets (quivered)
Armour
 b - a +0 leather armour (worn)
 c - a +0 helmet (worn)
 j - a +0 buckler
 l - a +1 pair of gloves (worn)
Jewellery
 g - a ring of protection from cold (left hand)
 p - a ring of fire
Scrolls
 f - 2 scrolls of noise {unknown}
 h - a scroll of immolation {unknown}
 i - a scroll of teleportation {unknown}
 k - 2 scrolls of identify {unknown}
 o - a scroll of blinking {unknown}
 q - a scroll of magic mapping {unknown}
Potions
 e - a potion of flight {unknown}
 m - a potion of degeneration {unknown}
 n - a potion of might {unknown}


   Skills:
 + Level 2.2 Fighting
 + Level 3.7 Long Blades
 + Level 1.8 Throwing
 + Level 1.2 Armour
 + Level 3.6 Dodging
 + Level 0.4 Stealth


You had 2 spell levels left.
You knew the following spells:

 Your Spells              Type           Power      Damage    Failure   Level
a - Sandblast             Erth           0%         2d4       41%         1
Your spell library was empty.

Dungeon Overview and Level Annotations

Branches:
Dungeon (3/15)

Altars:

Annotations:
D:2 Sigmund


Innate Abilities, Weirdness & Mutations

You are immune to poison.
Your flesh is very heat resistant. (rF++)
You are vulnerable to cold. (rC-)
You float through the air rather than walking.
You learn spells naturally, not from books.
Your magical power is your life essence.
You have superior vitality. (+4 HP)


Message History

A sky beast comes into view.
The hobgoblin hits you but does no damage.
You hit the hobgoblin.
The hobgoblin is severely wounded.
The hobgoblin hits you but does no damage.
The sky beast closely misses you.
You hit the hobgoblin.
You kill the hobgoblin!
The sky beast barely misses you.
You closely miss the sky beast.
The sky beast hits you but does no damage.
You closely miss the sky beast. The sky beast hits you.
The sky beast shocks you.
You hit the sky beast.
The sky beast is lightly wounded.
The sky beast hits you but does no damage.
You hit the sky beast.
The sky beast is moderately wounded.
The sky beast barely misses you. The sky beast hits you.
The sky beast shocks you.
You hit the sky beast but do no damage.
The sky beast is moderately wounded.
The sky beast flickers out of sight!
Deactivating autopickup; reactivate with Ctrl-A.
Something hits you. Something shocks you.
You are too injured to fight recklessly!
You are too injured to fight recklessly!
You are too injured to fight recklessly!
You are too injured to fight recklessly!
You are too injured to fight recklessly!
You are too injured to fight recklessly!
You are too injured to fight recklessly!
You are too injured to fight recklessly!
You are too injured to fight recklessly!
You barely miss something. Something hits you. Something shocks you.
* * * LOW HITPOINT WARNING * * *
You completely miss something. Something hits you.
* * * LOW HITPOINT WARNING * * *
Something shocks you.
You die...

#.#....### #.#
#.#......####.#
#.#...#.......#
#.#...#..####.#
#.#...#..# #.#
#...#..# #.#
#...#..# #.#
#...#..####.##.##
+......@{........
#...######†......
# #... ....... .
### .###### .# .#
####### .#
#.....< .#
#.##### #.#####


There were no monsters in sight!

Vanquished Creatures
  A gnoll (D:1)
  2 worms
  3 dart slugs
  5 endoplasms
  2 giant cockroaches (D:1)
  10 goblins
  9 hobgoblins
  2 quokkas (D:3)
  9 ball pythons
  4 bats
  3 frilled lizards
  A kobold (D:1)
  A rat (D:1)
52 creatures vanquished.

Notes
Turn   | Place    | Note
-------+----------+-------------------------------------------
     0 | D:1      | karrick the Djinni Gladiator began the quest for the Orb.
     0 | D:1      | Reached XP level 1. HP: 18/18 MP: 0/0
   141 | D:1      | Reached XP level 2. HP: 12/23 MP: 0/0
   536 | D:1      | Found a faded altar of an unknown god.
   761 | D:1      | Reached XP level 3. HP: 19/28 MP: 0/0
   761 | D:1      | Learned a level 1 spell: Sandblast
  1513 | D:2      | Noticed Sigmund
  1622 | D:3      | Reached skill level 1 in Armour
  1713 | D:3      | Reached XP level 4. HP: 31/33 MP: 0/0
  2222 | D:3      | Noticed a sky beast
  2233 | D:3      | Slain by a sky beast

Illustrated notes

Levels and vault maps discovered:
D:1:      nicolae_arrival_somewhat_less_tricky_arrival, layout_basic,
          shapermc_ecumenical_altar_starsandcircs
D:2:      layout_loops_ring, hex_large, uniq_sigmund
D:3:      cheibrodos_greedy_goblins, layout_basic, uniq_natasha

Skill      XL: |  1  2  3 |
---------------+----------+-----
Long Blades    | 3 |  3.7
Armour         | 1 |  1.2
Fighting       | |  2.2
Throwing       | |  1.8
Dodging        | |  3.6
Stealth        | |  0.4

Action                   |  1- 3 |  4- 6 || total
-------------------------+-------+-------++-------
Melee: Long sword        |    82 |    39 ||   121
 Stab: Sleeping          |     2 |     1 ||     3
Armor: Leather armour    |    31 |    10 ||    41
Dodge: Dodged            |    59 |    17 ||    76
       Rpst.: Long sword |    17 |     2 ||    19

Table legend: (Time is in decaauts)
 A = Elapsed time spent in this place.
 B = Non-inter-level travel time spent in this place.
 C = Inter-level travel time spent in this place.
 D = Time resting spent in this place.
 E = Time spent auto-exploring this place.
 F = Levels seen in this place.
 G = Mean time per level.
                   A        B        C        D        E       F      G
               +--------+--------+--------+--------+--------+-----+--------+
         Total |   2261 |   2193 |     68 |      0 |   1868 |   3 |  753.7 |
       Dungeon |   2261 |   2193 |     68 |      0 |   1868 |   3 |  753.7 |
               +--------+--------+--------+--------+--------+-----+--------+

Top non-repeatable levels by time:
     D:1: 1113 daAuts
     D:3: 691 daAuts
     D:2: 457 daAuts
